AoeStats
← OmarGutieG

Arabia

510189359Analyzed
1v1 RM · 2d ago on Sep 29, 2026· 56m 30s· 2 players
Game mode
Random Map
Map size
Tiny (2 player)
Population
200
Speed
Normal
Resources
Standard
Victory
Conquest
Starting age
Dark Age
Ending age
Imperial Age
RankedLock teamsTeams togetherTeam positionsShared explorationLock speedFull tech treeHidden civsTurbo modeCheats
Victory
Defeat
🇲🇽 Bengalis · Mexico
1249
+16
🇨🇦 Wu · Canada
1244
-16
Mompoxa
9:37 Feudal Age
9:44 Man-at-Arms
12:36 Double-Bit Axe
20:03 Castle Age
18:28 Forging
20:39 Scale Mail Armor
20:34 Long Swordsman
21:55 Iron Casting
21:54 Arson
23:24 Pikeman
30:27 Elite Skirmisher
31:11 Loom
33:22 Fletching
33:33 Padded Archer Armor
35:55 Bodkin Arrow
36:15 Leather Archer Armor
41:12 Imperial Age
OmarGutieG
7:45 Loom
9:30 Feudal Age
13:22 Fletching
15:48 Double-Bit Axe
21:06 Castle Age
20:41 Padded Archer Armor
21:17 Bloodlines
22:25 Scale Barding Armor
22:16 Horse Collar
27:43 Husbandry
28:00 Heavy Plow
28:36 Devotion
29:26 Bodkin Arrow
32:48 Wheelbarrow
32:32 Town Watch
34:37 Hand Cart
35:00 Light Cavalry
36:36 Town Patrol
37:36 Chain Barding Armor
37:28 Forging
38:21 Bow Saw
38:24 Gold Mining
42:46 Imperial Age
44:53 Conscription
46:38 Bracer
53:03 Ballistics
53:45 Chemistry
54:08 Leather Archer Armor
57:22 Gold Shaft Mining
56:28 Elite Elephant Archer
Connection lost

Rejoining the realm…

Still unreachable

The connection could not be restored.

Session expired

The server has moved on; the page needs a fresh start.